Map: Deathaura LE

Players

Epic

  • Race: Terran Terran
  • League: Grandmaster
  • Spawn Location: 5:00

PattyMac - Winner!

  • Race: Protoss Protoss
  • League: Grandmaster
  • Spawn Location: 11:00

Event: DreamHack SC2 Masters 2020 Winter

VOD

Have the link to the VOD?

Description

Time

  • Played on: Oct. 28, 2020, 5:22 p.m.
  • Length: 17:47

All games in this series

Show
View Real Time Build Order
Export as new Build Order

Epic Terran 

Build Orders:  

Get SALT Encoding   

  12  0:00  SCV  
  13  0:12  SCV  
  14  0:16  Supply Depot  
  14  0:24  SCV  
  15  0:38  SCV  
  15  0:39  Barracks  
  16  0:47  Refinery  
  16  0:50  SCV  
  17  1:02  SCV  
  18  1:14  SCV  
  19  1:18  Supply Depot  
  19  1:25  Marine  
  19  1:27  Orbital Command  
  20  1:52  SCV, Command Center  
  21  1:54  Reaper  
  22  2:05  SCV, Refinery  
  23  2:14  Factory  
  23  2:17  SCV  
  24  2:29  SCV  
  25  2:31  Barracks Reactor  
  25  2:32  Bunker  
  25  2:41  SCV  
  26  2:53  SCV  
  29  2:59  Starport  
  29  3:00  Widow Mine  
  30  3:07  Marine x2  
  30  3:09  SCV, Orbital Command  
  32  3:22  SCV, Widow Mine  
  35  3:28  Command Center  
  35  3:34  SCV x2  
  36  3:37  Medivac  
  39  3:44  Supply Depot  
  39  3:45  Widow Mine  
  39  3:46  SCV x2  
  39  3:47  Marine  
  44  3:49  Marine  
  45  3:58  SCV  
  45  3:59  Barracks  
  46  4:06  SCV  
  46  4:08  Barracks  
  47  4:12  Supply Depot  
  47  4:15  SCV  
  48  4:18  SCV  
  48  4:19  Engineering Bay  
  48  4:21  Engineering Bay  
  49  4:24  Factory Tech Lab  
  49  4:27  SCV  
  49  4:28  Marine  
  49  4:29  Marine  
  49  4:30  SCV  
  53  4:37  Supply Depot  
  53  4:40  Orbital Command  
  53  4:43  SCV x2  
  55  4:46  Siege Tank  
  58  4:55  SCV x2  
  58  4:57  Marine x2  
  58  4:58  Orbital Command  
  58  4:59  Barracks Tech Lab  
  62  5:01  Terran Infantry Weapons Level 1, Barracks Tech Lab  
  62  5:03  Terran Infantry Armor Level 1  
  62  5:09  SCV x2  
  62  5:11  Refinery  
  62  5:13  Refinery  
  64  5:18  Marauder  
  64  5:19  Stimpack  
  66  5:24  Orbital Command  
  66  5:27  SCV x2  
  67  5:38  Marine  
  67  5:39  Marine  
  67  5:40  Viking  
  69  5:45  SCV x2  
  69  5:47  Supply Depot  
  69  5:49  Marauder  
  77  5:50  Supply Depot, Widow Mine x2  
  77  5:54  Barracks x2  
  77  5:58  Combat Shield  
  77  5:59  Marauder  
  77  6:02  SCV x2  
  77  6:03  SCV  
  82  6:06  Concussive Shells  
  82  6:08  Marauder  
  82  6:10  Orbital Command  
  82  6:11  Starport Reactor  
  84  6:17  Widow Mine x2  
  88  6:18  Supply Depot  
  88  6:20  SCV x2  
  88  6:25  Marauder x2  
  94  6:30  Marauder  
  96  6:34  Supply Depot  
  96  6:35  Armory  
  96  6:36  SCV  
  96  6:37  SCV  
  96  6:39  SCV, Supply Depot  
  99  6:45  Barracks Reactor, Barracks Tech Lab  
  91  6:56  SCV x2  
  91  6:58  Marauder x2, Marine  
  91  6:59  Widow Mine x2  
  94  7:09  SCV x2  
  94  7:12  Medivac x2  
  96  7:16  Supply Depot, Marine  
  96  7:19  Marauder  
  96  7:21  SCV, Marine x2  
  102  7:28  Terran Infantry Weapons Level 2  
  102  7:30  SCV, Orbital Command  
  102  7:33  SCV  
  102  7:36  Widow Mine x2  
  108  7:40  Terran Infantry Armor Level 2  
  108  7:44  SCV  
  109  7:45  SCV  
  109  7:46  Supply Depot, Medivac  
  112  7:54  Medivac  
  112  7:56  SCV  
  112  7:57  SCV  
  112  7:58  SCV  
  117  8:00  Marauder x2, Marine x2  
  117  8:01  Marine  
  117  8:02  Marine  
  125  8:09  Supply Depot x2  
  125  8:10  SCV x3  
  125  8:12  Widow Mine  
  132  8:13  Widow Mine  
  132  8:24  Supply Depot  
  132  8:26  Supply Depot, Marauder  
  133  8:27  Marauder  
  133  8:28  Marauder  
  133  8:30  Marine x2  
  124  8:34  Marauder  
  124  8:38  SCV x3  
  114  8:42  Medivac, Widow Mine x2  
  114  8:47  Marine  
  114  8:48  Marauder, Marine x2  
  118  8:49  Marauder  
  118  8:55  SCV x3  
  125  9:00  Medivac  
  120  9:09  SCV x3  
  116  9:19  Medivac  
  116  9:21  SCV x2  
  116  9:22  SCV  
  118  9:27  Marauder x2  
  118  9:30  Medivac  
  124  9:32  Marauder x2  
  124  9:33  SCV  
  124  9:35  SCV  
  124  9:37  SCV  
  131  9:45  SCV  
  131  9:47  SCV  
  131  9:49  SCV  
  125  9:55  Marauder x3  
  127  10:00  SCV x2  
  127  10:04  Marine x2  
  129  10:13  SCV  
  129  10:14  SCV x2, Refinery x2  
  132  10:15  Supply Depot, Marine x2  
  132  10:16  Marauder x2  
  132  10:17  Supply Depot, Marauder  
  132  10:18  Supply Depot  
  140  10:21  Refinery  
  140  10:22  Refinery, Marine x2  
  140  10:26  Siege Tank  
  145  10:33  Marine x2  
  145  10:37  SCV x2  
  145  10:38  SCV, Marauder  
  145  10:40  Marine  
  144  10:48  Medivac, Marauder  
  144  10:49  SCV  
  137  10:50  Marauder  
  137  10:51  SCV x2  
  137  10:54  Marine x3  
  137  10:57  Command Center, Marine  
  141  10:59  Marauder  
  144  11:05  Siege Tank  
  144  11:09  Marauder  
  146  11:13  Marauder, Marine  
  146  11:14  Marine x2  
  146  11:15  Marine  
  146  11:16  Medivac  
  146  11:17  Missile Turret x2  
  146  11:18  Missile Turret  
  154  11:20  Marauder  
  154  11:21  Medivac  
  158  11:30  Marauder, Marine  
  158  11:31  Marine  
  158  11:32  Marine  
  163  11:34  Marauder  
  163  11:38  Siege Tank  
  168  11:42  Marauder  
  168  11:45  Marine  
  171  11:48  Marine  
  171  11:49  Marine  
  171  11:50  Factory  
  171  11:52  Marauder  
  159  11:56  Marauder  
  146  12:03  Marauder  
  146  12:06  Missile Turret  
  146  12:07  Marine x4  
  147  12:10  SCV x3  
  147  12:13  Marauder  
  147  12:15  Missile Turret x2  
  145  12:17  Marauder  
  145  12:18  Medivac x2  
  151  12:24  Marauder, Missile Turret, Siege Tank  
  154  12:35  Marauder  
  145  12:39  Marauder, Marine  
  145  12:40  Planetary Fortress, Marine x3  
  145  12:42  SCV x3  
  154  12:45  Factory Tech Lab  
  154  12:49  Liberator  
  154  12:50  Liberator  
  160  13:00  Missile Turret  
  152  13:09  SCV x3  
  150  13:14  Bunker  
  150  13:16  Siege Tank  
  150  13:17  Siege Tank  
  156  13:20  SCV  
  156  13:21  SCV x3  
  156  13:26  Marauder  
  162  13:30  Marauder x2  
  162  13:32  SCV  
  162  13:33  SCV, Marine x2  
  170  13:36  Marine x2  
  172  13:47  Liberator x2  
  178  13:49  Hellion  
  153  14:03  Marauder x2  
  153  14:04  Siege Tank  
  153  14:06  Marauder, Marine x3  
  153  14:07  Marine  
  162  14:10  Siege Tank  
  162  14:16  Terran Infantry Weapons Level 3  
  157  14:24  Marine x2  
  154  14:25  Marauder x2  
  144  14:33  Liberator x2  
  144  14:35  Marauder, Marine x2  
  144  14:37  Refinery  
  133  14:46  Marauder x2  
  133  14:52  Siege Tank x2  
  140  14:58  Marauder, Marine x4  
  146  15:06  Terran Vehicle Weapons Level 1, Command Center  
  146  15:07  Marine x2  
  148  15:15  Marine  
  148  15:16  Marine x3  
  148  15:19  Marauder  
  154  15:25  Marauder x2  
  158  15:41  Marauder  
  134  15:43  Marine x3, Siege Tank  
  134  15:47  Marauder x2  
  134  15:49  Siege Tank  
  147  15:56  Missile Turret  
  147  15:58  Missile Turret  
  147  16:00  SCV x4  
  147  16:01  Liberator  
  147  16:02  Marauder  
  156  16:07  Liberator  
  156  16:17  Marauder x2  
  154  16:22  Marine x4  
  154  16:23  Marauder  
  159  16:31  Siege Tank  
  159  16:32  Siege Tank  
  131  16:47  Ghost Academy  
  131  16:51  Marauder x2, Marine x2  
  131  16:52  Marauder, Marine  
  127  17:02  Liberator x2  
  106  17:26  Marine x3  
  106  17:27  Marine x2  
Show
View Real Time Build Order
Export as new Build Order

PattyMac Protoss - Winner!

Build Orders: 1 Gate Expand 

Get SALT Encoding   

  12  0:00  Probe  
  13  0:12  Probe  
  14  0:17  Pylon  
  14  0:24  Probe (Chrono Boost)  
  16  0:36  Gateway  
  16  0:37  Probe (Chrono Boost)  
  16  0:42  Probe (Chrono Boost)  
  16  0:45  Assimilator  
  17  0:51  Probe  
  18  1:04  Probe  
  19  1:16  Probe  
  20  1:23  Cybernetics Core  
  20  1:29  Probe  
  21  1:41  Nexus  
  21  1:43  Probe  
  21  1:46  Pylon  
  22  1:50  Assimilator  
  22  1:56  Probe  
  23  2:01  Stalker (Chrono Boost)  
  23  2:06  Warp Gate  
  25  2:09  Probe  
  26  2:21  Probe (Chrono Boost)  
  27  2:31  Probe (Chrono Boost)  
  27  2:33  Robotics Facility  
  27  2:36  Probe (Chrono Boost)  
  28  2:38  Stalker  
  31  2:54  Probe (Chrono Boost)  
  31  2:57  Probe (Chrono Boost)  
  32  3:03  Probe (Chrono Boost)  
  34  3:06  Probe (Chrono Boost)  
  34  3:08  Probe (Chrono Boost), Stalker  
  37  3:20  Observer (Chrono Boost)  
  37  3:21  Probe x2  
  40  3:30  Nexus  
  40  3:33  Probe  
  41  3:34  Pylon, Observer (Chrono Boost)  
  41  3:35  Probe  
  41  3:38  Stalker  
  45  3:43  Gateway  
  45  3:46  Probe  
  46  3:49  Gateway  
  46  3:52  Probe  
  47  3:58  Probe  
  48  4:04  Probe, Pylon  
  48  4:09  Twilight Council  
  49  4:10  Probe  
  49  4:17  Probe  
  51  4:18  Stalker  
  54  4:24  Probe (Chrono Boost)  
  54  4:29  Probe (Chrono Boost)  
  55  4:31  Pylon  
  57  4:39  Probe (Chrono Boost)  
  57  4:40  Probe (Chrono Boost)  
  57  4:43  Pylon  
  57  4:44  Gateway  
  57  4:45  Probe (Chrono Boost), Gateway  
  56  4:46  Probe (Chrono Boost), Charge (Chrono Boost)  
  59  4:52  Probe (Chrono Boost)  
  59  4:55  Probe (Chrono Boost)  
  59  4:57  Probe (Chrono Boost), Stalker  
  64  5:00  Probe (Chrono Boost)  
  64  5:01  Gateway  
  64  5:02  Probe  
  64  5:03  Gateway  
  65  5:09  Probe  
  65  5:12  Probe  
  65  5:13  Pylon  
  67  5:17  Gateway  
  67  5:19  Gateway  
  67  5:20  Probe  
  67  5:23  Warp Prism (Chrono Boost), Pylon  
  67  5:27  Zealot  
  71  5:29  Sentry x2  
  71  5:34  Probe  
  71  5:35  Probe, Pylon  
  77  5:39  Pylon  
  77  5:41  Zealot x2  
  81  5:44  Phoenix  
  81  5:46  Assimilator  
  81  5:47  Probe x2  
  81  5:48  Assimilator  
  81  5:49  Observer (Chrono Boost)  
  84  5:51  Zealot  
  84  5:52  Zealot  
  84  5:53  Zealot  
  84  5:56  Zealot  
  92  5:58  Zealot  
  95  6:04  Probe x3  
  95  6:08  Zealot x2  
  101  6:12  Zealot x3  
  101  6:16  Zealot  
  101  6:17  Zealot  
  111  6:23  Assimilator  
  111  6:25  Assimilator  
  111  6:26  Zealot x2  
  111  6:30  Blink (Chrono Boost)  
  111  6:32  Probe  
  116  6:36  Robotics Bay  
  116  6:37  Probe  
  116  6:38  Pylon  
  117  6:53  Zealot x7  
  119  7:03  Probe  
  119  7:06  Robotics Facility  
  119  7:07  Forge  
  116  7:09  Pylon  
  104  7:16  Stalker x5  
  104  7:19  Protoss Ground Weapons Level 1, Observer (Chrono Boost)  
  115  7:26  Observer  
  115  7:30  Probe x3  
  115  7:35  Disruptor (Chrono Boost)  
  118  7:42  Probe, Forge  
  122  7:55  Disruptor (Chrono Boost)  
  122  7:57  Stalker x4  
  133  8:12  Nexus  
  133  8:14  Pylon  
  133  8:16  Zealot x2  
  133  8:18  Disruptor (Chrono Boost)  
  138  8:22  Pylon  
  138  8:24  Pylon  
  138  8:32  Shield Battery  
  138  8:33  Zealot x5  
  148  8:38  Disruptor (Chrono Boost)  
  145  8:44  Stalker x4  
  151  8:48  Pylon  
  151  8:54  Pylon x2, Photon Cannon  
  150  8:55  Shield Battery  
  150  8:59  Stalker x3  
  154  9:02  Zealot  
  154  9:09  Protoss Ground Armor Level 1 (Chrono Boost)  
  153  9:11  Disruptor (Chrono Boost)  
  153  9:14  Zealot x3  
  157  9:19  Pylon  
  151  9:26  Nexus  
  151  9:29  Protoss Ground Weapons Level 2 (Chrono Boost)  
  151  9:30  Pylon  
  151  9:36  Zealot x2  
  155  9:40  Dark Shrine  
  139  10:02  Disruptor  
  142  10:13  Probe x3  
  145  10:15  Assimilator, Disruptor  
  145  10:18  Assimilator  
  148  10:25  Probe x2  
  148  10:28  Stalker x5  
  158  10:29  Zealot x3  
  145  10:43  Disruptor (Chrono Boost)  
  145  10:48  Zealot  
  130  10:50  Disruptor (Chrono Boost)  
  130  10:52  Dark Templar x2  
  130  10:53  Dark Templar x3  
  143  11:04  Probe x2  
  143  11:05  Shadow Stride  
  143  11:07  Dark Templar x3  
  151  11:12  Probe  
  151  11:13  Probe  
  151  11:15  Disruptor (Chrono Boost)  
  151  11:16  Probe, Pylon  
  157  11:19  Observer  
  157  11:20  Shield Battery  
  157  11:32  Zealot  
  157  11:37  Stalker x5, Pylon  
  165  11:42  Protoss Ground Armor Level 2  
  159  11:58  Zealot x4  
  159  12:00  Zealot x5  
  166  12:01  Disruptor x2 (Chrono Boost)  
  155  12:22  Extended Thermal Lance  
  155  12:24  Dark Templar x2  
  157  12:31  Disruptor (Chrono Boost)  
  148  12:40  Zealot x5  
  148  12:41  Zealot x2  
  148  12:42  Probe x2  
  162  13:00  Colossus (Chrono Boost)  
  162  13:04  Pylon  
  165  13:06  Probe x2  
  165  13:08  Disruptor (Chrono Boost)  
  166  13:16  Protoss Ground Weapons Level 3  
  158  13:32  Stalker x7  
  170  13:35  Photon Cannon, Dark Templar  
  170  13:37  Disruptor  
  175  13:46  Colossus  
  163  14:05  Zealot x6  
  172  14:12  Colossus  
  172  14:15  Zealot x3  
  172  14:20  Nexus  
  164  14:27  Zealot x5  
  160  14:34  Zealot  
  162  14:39  Templar Archives  
  152  14:47  Observer  
  152  14:52  Stalker x4  
  158  14:53  Probe  
  159  15:03  Dark Templar  
  161  15:17  Pylon  
  161  15:20  High Templar x6  
  171  15:23  High Templar x2  
  171  15:25  Archon x2  
  171  15:26  Archon  
  171  15:27  Archon  
  175  15:29  Gravitic Drive  
  175  15:36  Pylon  
  175  15:39  Assimilator  
  158  15:48  Disruptor  
  151  15:50  Stalker  
  151  15:52  Stalker x4  
  151  15:54  Dark Templar  
  163  16:03  Assimilator  
  163  16:04  Photon Cannon  
  163  16:15  Stalker x2  
  163  16:16  Stalker x3  
  171  16:37  Nexus  
  157  16:42  Disruptor x2  
  157  16:43  Zealot x3  
  157  16:44  Zealot x3  
  157  16:46  High Templar x2  
  174  16:51  Archon  
  170  17:03  Pylon  
  155  17:26  Stalker  
  155  17:27  Stalker x6  
  146  17:43  Stalker x2  
Tags
 
Add a new tag
Caveats
  • Supply blocks, unpowered buildings, or Contaminate may cause inaccurate times.
  • Supply counts are checked every 10 seconds.